 Dungeon Crawl Stone Soup version 0.31.0-32-g396128a36d (webtiles) character file.

Game seed: 361092679500812970

108 James the Skirmisher (level 5, -4/30 HPs)
             Began as a Kobold Hunter on Mar 16, 2024.
             Slain by Crazy Yiuf
             ... wielding a +2 quarterstaff of chaos
              (17 damage)
             ... on level 2 of the Dungeon.
             The game lasted 00:04:46 (1664 turns).

James the Skirmisher (Kobold Hunter)                Turns: 1664, Time: 00:04:47

Health: -4/30      AC:  0    Str: 10    XL:     5   Next: 12%
Magic:  5/5        EV: 20    Int: 11    God:
Gold:   157        SH:  0    Dex: 23    Spells: 4/4 levels left

rFire   . . .        a - melded +3 sling of Chagrin {drain, rElec Will+ Int+2}
rCold   . . .        (shield currently unavailable)
rNeg    . . .        c - melded +0 leather armour
rPois   .            w - melded +1 helmet
rElec   .            (cloak currently unavailable)
rCorr   .            f - melded +0 pair of gloves
SInv    .            (boots currently unavailable)
Will    .....        e - amulet of magic regeneration
Stlth   +++          i - melded ring of protection from fire
HPRegen 0.25/turn    (ring currently unavailable)
MPRegen 0.49/turn

%: no passive effects
@: mighty, bat-form, flying, very quick
A: fast, flying, no casting, tiny, no large weapons, nightstalker 3
a: no special abilities


You were on level 2 of the Dungeon.
You were a bat.
You visited 1 branch of the dungeon, and saw 2 of its levels.

You collected 157 gold pieces.

Inventory:

Hand Weapons
 a - the +3 sling of Chagrin (melded) {drain, rElec Will+ Int+2}
   (You found it on level 2 of the Dungeon)

   Int+2:     It affects your intelligence (+2).
   rElec:     It insulates you from electricity.
   Will+:     It increases your willpower.
 b - a +0 short sword
   (You took it off a kobold on level 1 of the Dungeon)
 j - a +0 orcbow
   (You found it on level 1 of the Dungeon)
 t - a +0 shortbow
 x - a +3 dagger of venom
   (You took it off a goblin on level 2 of the Dungeon)
Missiles
 q - 4 poisoned darts
Armour
 c - a +0 leather armour (melded)
 d - a +0 leather armour
   (You found it on level 1 of the Dungeon)
 f - a +0 pair of gloves (melded)
   (You found it on level 1 of the Dungeon)
 l - a +0 ring mail
   (You found it on level 1 of the Dungeon)
 n - a +0 leather armour
   (You found it on level 2 of the Dungeon)
 s - a +0 leather armour
   (You found it on level 2 of the Dungeon)
 v - a +0 animal skin
   (You took it off Robin on level 2 of the Dungeon)
 w - a +1 helmet (melded)
   (You took it off Robin on level 2 of the Dungeon)
 y - a +0 ring mail
   (You found it on level 2 of the Dungeon)
Jewellery
 e - an amulet of magic regeneration (around neck)
   (You found it on level 1 of the Dungeon)
 i - a ring of protection from fire (melded)
   (You found it on level 2 of the Dungeon)
Scrolls
 h - 4 scrolls of identify {unknown}
 m - a scroll of noise {unknown}
 p - 2 scrolls of revelation {unknown}
 r - 3 scrolls of teleportation {unknown}
 u - a scroll of butterflies
Potions
 g - a potion of lignification {unknown}
 k - a potion of degeneration {unknown}
 o - a potion of attraction {unknown}
 z - a potion of heal wounds {unknown}


   Skills:
 - Level 2.1 Fighting
 + Level 8.0 Ranged Weapons
 - Level 2.4 Dodging
 - Level 1.3 Stealth


You had 4 spell levels left.
You didn't know any spells.
Your spell library contained the following spells:

 Spells                   Type           Power      Damage    Failure   Level
 Stone Arrow              Conj/Erth      0%         3d7       71%         3
 Animate Armour           Summ/Erth      0%         N/A       98%         4
 Lehudib's Crystal Spear  Conj/Erth      0%         10d2      100%        8


Dungeon Overview and Level Annotations

Branches:
Dungeon (2/15)

Altars:
The Shining One

Annotations:
D:2 Crazy Yiuf


Innate Abilities, Weirdness & Mutations

You are a bat.
You are tiny and dextrous.
You move quickly.
You are flying.
Your equipment is almost entirely melded.
You are incapable of wielding weapons or throwing items.
You cannot cast spells.
You are small and have problems with some larger weapons.
You are completely attuned to the shadows.


Message History

A quokka comes into view.
You shoot a sling bullet. The sling bullet hits the quokka.
You kill the quokka!
No target in view!
No target in view!
Found a ring mail.
You see here a quokka corpse.
y - a +0 ring mail You see here a quokka corpse.
You see here a quokka corpse.
Partly explored, can't reach some places.
Partly explored, can't reach some places.
You shoot a sling bullet. The sling bullet hits the fungus.
The fungus begins to die.
You drain the fungus. You shoot a sling bullet.
The sling bullet hits the fungus!
You shoot a sling bullet. The sling bullet hits the fungus.
You shoot a sling bullet. The sling bullet hits the fungus.
You shoot a sling bullet. The sling bullet hits the fungus.
A nearby fungus withers and dies.
Found a hammer.
You open the door. You shoot a sling bullet. The sling bullet hits Crazy Yiuf.
Crazy Yiuf shouts!
You shoot a sling bullet. The sling bullet hits Crazy Yiuf.
You drain Crazy Yiuf. You shoot a sling bullet.
The sling bullet closely misses Crazy Yiuf.
Crazy Yiuf grits, "Powder!"
You shoot a sling bullet.
The sling bullet closely misses Crazy Yiuf.
Crazy Yiuf hits you with a +2 quarterstaff of chaos.
You shoot a sling bullet.
The sling bullet barely misses Crazy Yiuf.
Crazy Yiuf hits you with a +2 quarterstaff of chaos.
You turn into a bat.
The +3 sling of Chagrin {drain, rElec Will+ Int+2} melds into your body.
Your +1 helmet melds into your body.
Your +0 pair of gloves melds into your body.
Your +0 leather armour melds into your body.
Your ring of protection from fire melds into your body.
You hit Crazy Yiuf but do no damage. Crazy Yiuf completely misses you.
You hit Crazy Yiuf but do no damage.
Crazy Yiuf hits you with a +2 quarterstaff of chaos.
You feel very mighty all of a sudden. Crazy Yiuf attacks as he pursues you!
Crazy Yiuf hits you with a +2 quarterstaff of chaos!
* * * LOW HITPOINT WARNING * * *
You are electrocuted!
Ouch! That really hurt!
You die...

..#>#
#.######
#####.##
..#.# #.#
#....#
###.# #.#
#<...# #
#.###.###
#)..#
#....# #
#.......#
#...#
#....#
#######...#
... #....#
.........##
#'# #....#
#######...#
♣g♣♣ #....#
#..## ♣♣b♣
#.#.##
##..# ♣.♣♣
#.#.#
######...##
♣♣.♣ #.#.#
.....†....#
♣.♣♣ ###.#
######...##
♣♣♣P.♣
###.# #####
♣PPP.♣
#...#
##..##
##.##
#....####†#
#...###...#


You could see Crazy Yiuf (very drained).

Vanquished Creatures
  Robin (D:2)
  3 adders (D:2)
  2 ribbon worms (D:2)
  4 ball pythons
  4 endoplasms
  2 giant cockroaches (D:1)
  12 goblins
  8 hobgoblins
  4 jackals (D:1)
  6 quokkas
  4 bats
  3 frilled lizards
  2 kobolds (D:1)
  4 rats (D:1)
59 creatures vanquished.

Notes
Turn   | Place    | Note
-------+----------+-------------------------------------------
     0 | D:1      | James the Kobold Hunter began the quest for the Orb.
     0 | D:1      | Reached XP level 1. HP: 12/12 MP: 1/1
    82 | D:1      | Reached XP level 2. HP: 17/17 MP: 2/2
    86 | D:1      | Reached skill level 6 in Ranged Weapons
   259 | D:1      | Reached XP level 3. HP: 21/21 MP: 3/3
   847 | D:2      | Reached skill level 7 in Ranged Weapons
   947 | D:2      | Identified the +3 sling of Chagrin {drain, rElec Will+
                  | Int+2}
  1014 | D:2      | Reached XP level 4. HP: 26/26 MP: 4/4
  1163 | D:2      | Found a glowing golden altar of the Shining One.
  1186 | D:2      | Noticed Robin
  1193 | D:2      | Killed Robin
  1199 | D:2      | Reached XP level 5. HP: 19/30 MP: 5/5
  1306 | D:2      | Reached skill level 8 in Ranged Weapons
  1652 | D:2      | Found a runed translucent door.
  1655 | D:2      | Noticed Crazy Yiuf
  1664 | D:2      | Slain by Crazy Yiuf

Illustrated notes

Levels and vault maps discovered:
D:1:      dpeg_arrival_pits, layout_loops_ring
D:2:      layout_loops_ring, basic_altar, minmay_tromino_mix6,
          uniq_crazy_yiuf_cottage, uniq_robin

Skill      XL: |  1  2  3  4  5 |
---------------+----------------+-----
Ranged Weapons | 6 7 8 |  8.0
Fighting       | |  2.1
Dodging        | |  2.4
Stealth        | |  1.3

Action                     |  1- 3 |  4- 6 || total
---------------------------+-------+-------++-------
  Melee: Unarmed           |       |     2 ||     2
   Fire: Shortbow          |    72 |       ||    72
         Sling             |     5 |    65 ||    70
 Armour: Leather armour    |     5 |     9 ||    14
         Skin              |       |     2 ||     2
  Dodge: Dodged            |    13 |    19 ||    32
